 Dungeon Crawl Stone Soup version 0.20-a0-449-g96be121 (webtiles) character file.

1391 PurpleRed the Destroyer (level 8, -2/61 HPs)
             Began as a Tengu Air Elementalist on Jan 7, 2017.
             Was an Initiate of Vehumet.
             Slain by a centaur (3 damage)
             ... on level 5 of the Dungeon.
             The game lasted 00:18:07 (5757 turns).

PurpleRed the Destroyer (Tengu Air Elementalist)    Turns: 5757, Time: 00:18:08

Health: -2/61      AC:  4    Str: 14    XL:     8   Next: 68%
Magic:  12/18      EV: 12    Int: 18    God:    Vehumet [......]
Gold:   198        SH:  0    Dex: 14    Spells: 6/19 levels left

rFire  . . .     SeeInvis .     j - +2 whip (elec)
rCold  . . .     Gourm    .     a - +1 robe
rNeg   . . .     Faith    .     (no shield)
rPois  .         Spirit   .     (helmet restricted)
rElec  .         Reflect  .     (no cloak)
rCorr  .         Harm     .     p - +0 pair of gloves
MR     .....                    (boots unavailable)
Stlth  ..........               (no amulet)
                                (no ring)
                                k - ring of stealth

@: berserking, repel missiles, very quick
A: beak, talons 3, wild magic 1, able to fly 1
a: Fly, Renounce Religion


You were on level 5 of the Dungeon.
You worshipped Vehumet.
Vehumet was noncommittal.
You were not hungry.

You visited 2 branches of the dungeon, and saw 6 of its levels.

You collected 198 gold pieces.

Inventory:

Hand Weapons
 j - a +2 whip of electrocution (weapon)
Missiles
 u - 3 javelins (quivered)
Armour
 a - a +1 robe (worn)
 n - a +0 buckler
 p - a +0 pair of gloves (worn)
Magical Staves
 m - an uncursed staff of death
Jewellery
 k - a ring of stealth (left hand)
Wands
 q - a wand of acid (2/15)
 r - a wand of enslavement (3/24)
 t - a wand of digging (6/24)
 v - a wand of lightning (8/15)
Scrolls
 e - a scroll of amnesia
 f - 4 scrolls of remove curse
 h - a scroll of teleportation
Potions
 d - 2 potions of flight
Books
 b - a book of Air

   Spells                             Type                      Level
   a - Shock                          Conjuration/Air              1
   b - Swiftness                      Charms/Air                   2
   c - Repel Missiles                 Charms/Air                   2
   d - Static Discharge               Conjuration/Air              3
   e - Lightning Bolt                 Conjuration/Air              5
 o - a book of Callings

   Spells                             Type                      Level
   a - Summon Small Mammal            Summoning                    1
   b - Call Imp                       Summoning                    2
   c - Call Canine Familiar           Summoning                    3
   d - Summon Guardian Golem          Hexes/Summoning              3
   e - Summon Lightning Spire         Summoning/Air                4
   f - Summon Ice Beast               Ice/Summoning                4
Comestibles
 c - 6 bread rations
 g - 2 beef jerkies


   Skills:
 - Level 2.1 Dodging
 - Level 2.0 Stealth
 + Level 6.3 Spellcasting
 + Level 8.2 Conjurations
 + Level 7.7 Air Magic


You had 6 spell levels left.
You knew the following spells:

 Your Spells              Type           Power        Failure   Level  Hunger
a - Shock                 Conj/Air       ####         1%          1    None
b - Repel Missiles        Chrm/Air       ####..       8%          2    None
c - Swiftness             Chrm/Air       ####....     8%          2    None
d - Static Discharge      Conj/Air       #####...     2%          3    ##.....
e - Lightning Bolt        Conj/Air       #####.....   21%         5    #####..


Dungeon Overview and Level Annotations

Branches:
Dungeon (5/15)             Temple (1/1) D:4

Altars:
Ashenzari
Cheibriados
Dithmenos
Elyvilon
Fedhas
Hepliaklqana
Kikubaaqudgha
Makhleb
Nemelex Xobeh
Okawaru
Qazlal
Ru
Sif Muna
Trog
Uskayaw
Vehumet
Xom
Yredelemnul
Zin
The Shining One


Innate Abilities, Weirdness & Mutations

You have a beak for a mouth.
You have claws for feet.
You can fly.
Your spells are a little harder to cast, but a little more powerful.


Message History

The centaur closely misses you. The howler monkey barely misses you.
The centaur hits you.
You closely miss the centaur. Your peck misses the centaur.
The centaur is almost dead.
The centaur hits you!
* * * LOW HITPOINT WARNING * * *
The howler monkey hits you but does no damage.
You hit the centaur. You claw the centaur, but do no damage.
You peck the centaur, but do no damage.
The centaur is almost dead.
The centaur closely misses you. The howler monkey closely misses you.
The centaur hits you!
* * * LOW HITPOINT WARNING * * *
The howler monkey hits you but does no damage.
It was a potion of berserk rage.
A red film seems to cover your vision as you go berserk!
You feel yourself moving faster!
You feel mighty! The centaur hits you.
* * * LOW HITPOINT WARNING * * *
The howler monkey closely misses you. The centaur hits you.
You die...

#......#####.c....#
#.....## ##.....##
#.##...# ##.......# ##
.
##..###........####..#
#....#.###.....#.@...
.###.....# ##...><....
.......ยง(.# #.....###
.........######..###
...#####...c@h...(# #.
#....#####.# # #.#####
#.# ... ### ####


You could see a centaur and a howler monkey.

Vanquished Creatures
  Pikel (D:4)
  Sigmund (D:4)
  Eustachio (D:5)
  A slave (D:4)
  3 ogres
  A scorpion (D:4)
  A howler monkey (D:4)
  A hound (D:4)
  A bullfrog skeleton (D:4)
  2 iguanas (D:4)
  Robin (D:2)
  A gnoll (D:1)
  5 adders
  An ooze (D:1)
  6 worms
  4 dart slugs
  4 leopard geckos
  An orc (D:3)
  A ball python (D:4)
  3 giant cockroaches (D:3)
  16 hobgoblins
  2 jackals (D:4)
  3 quokkas
  6 bats
  5 frilled lizards
  12 goblins
  6 kobolds
  8 rats
98 creatures vanquished.

Vanquished Creatures (others)
  A worker ant (D:4)
1 creature vanquished.

Grand Total: 99 creatures vanquished

Notes
Turn   | Place    | Note
-------+----------+-------------------------------------------
     0 | D:1      | PurpleRed the Tengu Air Elementalist began the quest for the Orb.
     0 | D:1      | Reached XP level 1. HP: 10/10 MP: 4/4
   124 | D:1      | Reached skill level 2 in Conjurations
   175 | D:1      | Reached XP level 2. HP: 15/15 MP: 3/6
   343 | D:1      | Learned a level 2 spell: Repel Missiles
   346 | D:1      | Learned a level 2 spell: Swiftness
   548 | D:1      | Reached XP level 3. HP: 19/19 MP: 1/7
   815 | D:1      | Reached skill level 3 in Conjurations
  1383 | D:1      | Learned a level 3 spell: Static Discharge
  1507 | D:2      | Reached XP level 4. HP: 24/24 MP: 2/9
  1539 | D:2      | Gained mutation: Your spells are a little harder to cast, but a little more powerful. [potion of beneficial mutation]
  1581 | D:2      | Found an iron altar of Okawaru.
  1589 | D:2      | Noticed Robin
  1611 | D:2      | Killed Robin
  2533 | D:2      | Gained mutation: You can fly. [Tengu growth]
  2533 | D:2      | Reached XP level 5. HP: 28/28 MP: 4/11
  2788 | D:1      | Reached skill level 4 in Conjurations
  3449 | D:3      | Noticed an ogre
  3483 | D:3      | Killed an ogre
  3483 | D:3      | Reached skill level 5 in Conjurations
  3483 | D:3      | Reached XP level 6. HP: 29/32 MP: 8/13
  3913 | D:4      | Found a staircase to the Ecumenical Temple.
  3919 | D:4      | Noticed Sigmund
  3970 | Temple   | Entered the Ecumenical Temple
  4130 | Temple   | Became a worshipper of Vehumet
  4415 | D:4      | Killed Sigmund
  4415 | D:4      | Reached skill level 5 in Air Magic
  4523 | D:4      | Reached XP level 7. HP: 23/36 MP: 9/15
  4530 | D:4      | Learned a level 5 spell: Lightning Bolt
  4625 | D:4      | Found a snail-covered altar of Cheibriados.
  4697 | D:4      | Reached skill level 5 in Spellcasting
  4697 | D:4      | Reached skill level 6 in Conjurations
  5230 | D:4      | Noticed Pikel
  5261 | D:4      | Killed Pikel
  5261 | D:4      | Reached skill level 7 in Conjurations
  5261 | D:4      | Reached XP level 8. HP: 10/41 MP: 2/18
  5578 | D:5      | Entered Level 5 of the Dungeon
  5715 | D:5      | Noticed Eustachio
  5745 | D:5      | Killed Eustachio
  5745 | D:5      | Reached skill level 8 in Conjurations
  5757 | D:5      | HP: 1/61 [centaur (5)]
  5757 | D:5      | Slain by a centaur

Vault maps used:
D:1:      lightli_molten_gateway, corexii_corridor_pit, supply_closet_lemuel,
          minmay_tiny_reverse_x
D:2:      nicolae_overflow_crystal_walls, kennysheep_generic_room_16, uniq_robin
D:3:      minmay_quantized
D:4:      kennysheep_slug_shrine, first_bread, uniq_sigmund, uniq_pikel
D:5:      uniq_eustachio, uniq_blork_the_orc
Temple:   dpeg_five_rooms_temple

Skill      XL: |  1  2  3  4  5  6  7  8 |
---------------+-------------------------+-----
Conjurations   | 2 3 5 7 8 |  8.2
Spellcasting   | 3 4 6 |  6.3
Air Magic      | 5 7 |  7.7
Dodging        | |  2.1
Stealth        | |  2.0

Action                   |  1- 3 |  4- 6 |  7- 9 || total
-------------------------+-------+-------+-------++-------
Melee: Staff             |       |     1 |       ||     1
       Whip              |       |     2 |    14 ||    16
       Kick              |       |     1 |     2 ||     3
       Peck              |       |       |     4 ||     4
 Cast: Shock             |    83 |   106 |    67 ||   256
       Repel Missiles    |     1 |       |       ||     1
 Abil: Fly               |       |     1 |       ||     1
Evoke: Wand              |       |       |     2 ||     2
  Use: Scroll            |     4 |     8 |     3 ||    15
       Potion            |       |     2 |     3 ||     5
  Eat: Chunk             |     2 |     8 |     4 ||    14
       Pizza             |       |     1 |       ||     1
Armor: Robe              |     3 |     5 |     6 ||    14
       Skin              |       |       |    24 ||    24
Dodge: Dodged            |     9 |    17 |    22 ||    48
       Deflected         |       |     3 |     1 ||     4
